 Dungeon Crawl Stone Soup version 0.29-a0-575-g0dc89cf053 (webtiles) character file.

Game seed: 7306738194214505247

299123 Cantstop the Eclecticist (level 21, -8/148 HPs)
             Began as a Djinni Hedge Wizard on June 12, 2022.
             Was the Champion of Makhleb.
             Killed from afar by a deep elf annihilator (27 damage)
             ... with a crystal spear
             ... on level 3 of the Elven Halls.
             The game lasted 04:24:58 (43037 turns).

Cantstop the Eclecticist (Djinni Hedge Wizard)     Turns: 43037, Time: 04:24:59

Health: -8/148     AC: 16    Str: 11    XL:     21   Next: 88%
Gold:   2893       EV: 19    Int: 25    God:    Makhleb [******] SH: 10 Dex: 20

rFire   + + .      SeeInvis +   Y - +9 morningstar "Faqor" {vorpal, rC+ Stlth+}
rCold   + . .      Faith    .   N - +3 buckler
rNeg    + . .      Spirit   .   X - +2 ring mail "Dotitaud" {rElec Will++ Regen+ Dex-3}
rPois   ∞          Reflect  .   I - +0 mask of the Dragon {Will+ Slay+3 SInv}
rElec   +          Harm     .   p - +0 cloak of the Merchant {rC+ Str+2 SInv}
rCorr   .          Rampage  .   H - +0 pair of gloves
Will    +++++                   (boots unavailable)
Stlth   ++++......              V - amulet of the Hero {Regen+ Dex+2}
HPRegen 1.94/turn               m - +4 ring of protection
MPRegen 0.00/turn               x - ring "Acrud" {rN+ Dex+6}

@: flying, studying 2 skills
A: sickness immunity, fire resistance 2, cold vulnerability 1, float, innate
caster, HP casting, extra vitality 1
}: 2/15 runes: barnacled, gossamer
a: Renounce Religion, Minor Destruction, Lesser Servant of Makhleb, Major
Destruction, Greater Servant of Makhleb


You were on level 3 of the Elven Halls.
You worshipped Makhleb.
Makhleb was exalted by your worship.
You visited 7 branches of the dungeon, and saw 35 of its levels.
You also visited: Bailey.

You collected 4232 gold pieces.
You spent 1339 gold pieces at shops.

Inventory:

Hand Weapons
 Y - the +9 morningstar "Faqor" (weapon) {vorpal, rC+ Stlth+}
   (You found it on level 1 of the Lair of Beasts)

   It inflicts extra damage upon your enemies.
   rC:        It protects you from cold.
   Stlth:     It makes you more stealthy.
Armour
 e - a +2 robe of positive energy
 f - a +2 robe of cold resistance
 p - the +0 cloak of the Merchant (worn) {rC+ Str+2 SInv}
   (You bought it in a shop on level 2 of the Orcish Mines)

   Str:       It affects your strength (+2).
   rC:        It protects you from cold.
   SInv:      It lets you see invisible.
 H - a +0 pair of gloves (worn)
 I - the +0 mask of the Dragon (worn) {Will+ Slay+3 SInv}
   (You found it on level 4 of the Spider Nest)

   Slay:      It affects your accuracy & damage with ranged weapons and melee
   (+3).
   SInv:      It lets you see invisible.
   Will:      It increases your willpower.
 N - a +3 buckler (worn)
 X - the +2 ring mail "Dotitaud" (worn) {rElec Will++ Regen+ Dex-3}
   (You found it on level 6 of the Lair of Beasts)

   Dex:       It affects your dexterity (-3).
   rElec:     It insulates you from electricity.
   Regen:     It increases your rate of health regeneration.
   Will:      It greatly increases your willpower.
Jewellery
 d - a ring of protection from cold
 l - a +4 ring of evasion
 m - a +4 ring of protection (left hand)
 x - the ring "Acrud" (right hand) {rN+ Dex+6}
   (You acquired it on level 3 of the Elven Halls)

   [ring of dexterity]

   Dex:       It affects your dexterity (+6).
   rN:        It protects you from negative energy.
 z - a ring of positive energy
 K - an amulet of reflection
 R - a ring of resist corrosion
 V - the amulet of the Hero (around neck) {Regen+ Dex+2}
   (You acquired it on level 11 of the Dungeon)

   [amulet of regeneration]

   Dex:       It affects your dexterity (+2).
   Regen:     It increases your rate of health regeneration.
Wands
 u - a wand of flame (42)
 O - a wand of acid (5)
 T - a wand of iceblast (21)
Scrolls
 h - 15 scrolls of teleportation
 i - 7 scrolls of fear
 j - 5 scrolls of summoning
 k - 7 scrolls of fog
 n - a scroll of brand weapon
 q - a scroll of magic mapping
 r - a scroll of enchant weapon
 s - 3 scrolls of immolation
 t - 5 scrolls of poison
 v - a scroll of enchant armour
 F - a scroll of blinking
Potions
 a - 5 potions of haste
 c - 5 potions of invisibility
 g - 8 potions of ambrosia
 o - 9 potions of curing
 w - 3 potions of mutation
 B - a potion of cancellation
 C - 8 potions of might
 D - 4 potions of resistance
 E - 7 potions of brilliance
 J - 7 potions of heal wounds
 P - 2 potions of berserk rage
 U - 5 potions of lignification
 W - 2 potions of attraction
Miscellaneous
 b - a condenser vane


   Skills:
 * Level 12.6 Fighting
 + Level 1.2 Short Blades
 + Level 6.0(7.0) Axes
 + Level 5.4(6.7) Maces & Flails
 * Level 10.2 Armour
 * Level 14.2 Dodging
 + Level 6.8 Stealth
 * Level 10.7 Shields
 + Level 1.8 Unarmed Combat
 * Level 20.1 Spellcasting
 * Level 12.6 Invocations
 + Level 3.0 Evocations


You had one spell level left.
You knew the following spells:

 Your Spells              Type           Power      Damage    Failure   Level
a - Magic Dart            Conj           100%       1d8       0%          1
b - Blink                 Tloc           100%       N/A       0%          2
c - Call Imp              Summ           90%        N/A       0%          2
d - Slow                  Hex            100%       N/A       0%          1
e - Conjure Flame         Conj/Fire      90%        6-21      0%          3
f - Mephitic Cloud        Conj/Pois/Air  90%        N/A       0%          3
g - Summon Small Mammal   Summ           100%       N/A       0%          1
h - Static Discharge      Conj/Air       90%        N/A       0%          2
i - Dazzling Flash        Conj/Hex       100%       N/A       0%          3
j - Dispel Undead         Necr           90%        3d29      0%          4
k - Fireball              Conj/Fire      45%        3d18      1%          5
l - Silence               Hex/Air        45%        N/A       1%          5
m - Summon Cactus Giant   Summ           45%        N/A       1%          6
n - Enfeeble              Hex            45%        N/A       1%          7
o - Spellforged Servitor  Conj/Summ      45%        N/A       1%          7
p - Dragon Form           Tmut           45%        N/A       1%          7
Your spell library was empty.

Dungeon Overview and Level Annotations

Branches:
Dungeon (15/15)            Temple (1/1) D:4            Lair (6/6) D:10
 Shoals (4/4) Lair:4       Spider (4/4) Lair:4        Slime (0/5) Lair:6
    Orc (2/2) D:12            Elf (3/3) Orc:2        Vaults (0/5) D:14
 Depths (0/4) D:15         Bailey (visited)

Altars:
Ashenzari
Cheibriados
Dithmenos
Elyvilon
Fedhas
Gozag
Hepliaklqana
Kikubaaqudgha
Makhleb
Nemelex Xobeh
Okawaru
Qazlal
Ru
Sif Muna
Trog
Uskayaw
Vehumet
Wu Jian
Xom
Yredelemnul
Zin
The Shining One
Jiyva

Shops:
D:5 (   D:9 (   Orc:2 [(:   Elf:1 *?   Elf:2 ?   Elf:3 =   Shoals:2 (


Innate Abilities, Weirdness & Mutations

You are immune to sickness and miasma.
You are immune to poison.
Your flesh is very heat resistant. (rF++)
You are vulnerable to cold. (rC-)
You float through the air rather than walking.
You learn spells naturally, not from books.
Your magical power is your life essence.
You have superior vitality. (+4 MHP)


Message History

The deep elf death mage dies!
Makhleb accepts your kill.
Your cactus giant hits the earth elemental with a +0 giant spiked club!
The earth elemental disappears in a puff of smoke!
You start resting.
A deep elf annihilator is nearby!
The deep elf annihilator is struck by your cactus giant's spines.
The deep elf annihilator hits your cactus giant with a +0 long sword!
Your cactus giant barely misses the deep elf annihilator.
The deep elf annihilator casts a spell.
The deep elf annihilator blinks!
The deep elf annihilator mumbles some strange words.
The deep elf annihilator blinks!
Casting: Spellforged Servitor (dangerous; 1% risk of failure)
Confirm with . or Enter, or press ? or * to list all spells.
The deep elf annihilator is struck by an arc of lightning!
The deep elf annihilator is almost dead.
The lightning grounds out.
The deep elf annihilator is struck by an arc of lightning!
The deep elf annihilator is almost dead.
You resist.
You are struck by an arc of lightning.
The deep elf annihilator is struck by an arc of lightning!
You kill the deep elf annihilator!
Makhleb accepts your kill.
You feel better. You resist.
You are struck by an arc of lightning.
The deep elf annihilator casts a spell at you.
The crystal spear hits you!!!
* * * LOW HITPOINT WARNING * * *
Casting: Static Discharge (safe; 0% risk of failure)
Confirm with . or Enter, or press ? or * to list all spells.
The deep elf annihilator is struck by an arc of lightning.
The deep elf annihilator is almost dead.
You resist.
You are struck by an arc of lightning.
The deep elf annihilator is struck by an arc of lightning.
The deep elf annihilator is almost dead.
You resist.
You are struck by an arc of lightning.
* * * LOW HITPOINT WARNING * * *
The deep elf annihilator gestures at you while chanting.
The crystal spear hits you!!
You die...

##########.# ### #e#######
##.## #)#.....# ##.#.## #####
##C..###.# ##.###.# ##...##
#..#.###.###.## ##. #.....##
######)...##.....## ##
.......###.......9.....###.##
##. .............##)...###.#
##.###.#
.........###.#.e@......#*
##.#.## .........#
#.##...###########.###
......).)###.###.##
*#......... .......)<....#
#.# #.####.##. ............##
#.# #.# #.##. ............#
##)## #.# ##.##.
.#.........####)..## #.#
#..##. .##.......####).)).##
#.###.###.
.........####.......##
#.........


You could see 2 deep elf annihilators, a friendly spellforged servitor
(summoned) and a friendly cactus giant (summoned).

Vanquished Creatures
  Arachne (Spider:2)
  A kraken (Shoals:2)
  Kirke (Lair:4)
  Roxanne (Elf:2)
  A frost giant (D:11)
  An iron dragon (Elf:1)
  3 ghost moths
  A deep elf elementalist (Elf:3)
  A broodmother (Spider:2)
  2 deep elf demonologists (Elf:1)
  The ghost of dolemite99 the Severer, a journeyman HOFi of Fedhas (Lair:1)
  Nessos (Lair:4)
  The ghost of Xeinaf the Brawler, a journeyman TrAr of Nemelex Xobeh (Lair:3)
  7 entropy weavers
  3 deep elf annihilators
  4 spark wasps
  An ettin (Orc:1)
  Snorg (Lair:4)
  A deep elf death mage (Elf:2)
  11 merfolk impalers
  Fannar (Lair:2)
  A deep elf high priest (Elf:1)
  4 vault guards (D:14)
  An ice dragon (Elf:1)
  A boulder beetle (D:13)
  10 merfolk aquamancers
  4 merfolk avatars
  An ogre mage (D:11)
  3 jorogumos (Spider:4)
  4 catoblepae
  3 radroaches
  7 hydras
  5 centaur warriors
  2 two-headed ogres
  4 dancing weapons
  3 satyrs
  A tengu warrior (D:15)
  An alligator snapping turtle (Shoals:3)
  11 death yaks
  3 orc high priests
  Sonja (Orc:2)
  Urug (Lair:2)
  11 deep elf knights
  4 skeletal warriors (D:14)
  3 steelbarb worms
  5 pharaoh ants
  16 sea snakes
  2 wizards
  3 orc knights
  A deep troll (D:15)
  9 orb spiders
  6 deep elf archers
  4 spectral wolf spiders (Spider:2)
  5 wolf spider zombies (Spider:2)
  16 deep elf pyromancers
  14 deep elf zephyrmancers
  14 fauns
  3 ugly things
  22 harpies
  An oklob plant (D:10)
  9 orc sorcerers
  12 manticores
  17 wolf spiders
  6 cyclopes
  3 moths of wrath
  19 elephants
  6 merfolk sirens
  9 water nymphs
  A black mamba (Lair:6)
  5 torpor snails
  2 gargoyles (D:14)
  13 cane toads
  4 yaktaurs
  2 kobold demonologists (D:10)
  A tengu conjurer (D:14)
  5 demonic crawlers
  A rime drake (Lair:4)
  15 komodo dragons
  3 efreet
  6 wind drakes
  11 meliai
  32 merfolk
  2 wolf spider simulacra (Spider:2)
  5 slime creatures (D:13)
  6 hornets
  A polar bear (Lair:6)
  8 trolls
  22 tarantellas
  8 snapping turtles
  31 blink frogs
  9 dream sheep (Lair:4)
  21 water elementals
  23 jumping spiders
  2 shadows
  A centaur simulacrum (D:14)
  14 culicivoras
  5 air elementals (Shoals:4)
  2 wyverns
  4 wraiths
  2 hogs (Lair:4)
  A human (D:14)
  61 yaks
  2 fire elementals
  4 basilisks
  47 redbacks
  2 steam dragons
  2 vampire mosquitoes (D:13)
  2 wargs
  An acid dragon (shapeshifter) (Elf:1)
  4 acid dragons
  A two-headed ogre zombie (D:12)
  12 water moccasins
  29 orc warriors
  4 ice beasts
  3 black bears
  9 wolves
  8 ogres
  13 centaurs
  5 kobold brigands
  2 phantoms (D:12)
  11 bullfrogs
  A necrophage (D:8)
  3 scorpions (D:5)
  12 wights
  A troll zombie (D:12)
  7 killer bees (D:9)
  4 howler monkeys
  11 electric eels
  3 jellies
  2 gnoll shamans
  25 orc priests
  7 hounds
  3 iguanas (D:6)
  Ijyb (D:4)
  4 hell rats (Lair:6)
  44 orc wizards
  6 ogre zombies (D:12)
  11 gnolls
  5 adders
  A shadow imp (D:6)
  A white imp (D:6)
  An ufetubus (D:4)
  A worm (D:4)
  5 dart slugs
  103 orcs
  7 endoplasms
  6 giant cockroaches
  7 goblins
  6 hobgoblins
  19 kobolds
  A quokka (D:1)
  3 training dummies (Shoals:2)
  10 ball pythons
  8 bats
  4 frilled lizards
  2 goblin zombies (D:12)
  A hobgoblin skeleton (D:12)
  3 hobgoblin zombies (D:12)
  3 orc skeletons (D:12)
  16 orc zombies (D:12)
  2 rats
  A bush (Lair:4)
1187 creatures vanquished.

Vanquished Creatures (collateral kills)
  2 deep elf blademasters (Elf:3)
  A titan (Shoals:4)
  Polyphemus (Shoals:3)
  An iron dragon (Elf:1)
  A ghost moth (Spider:4)
  3 emperor scorpions (Spider:4)
  A deep elf elementalist (Elf:3)
  A broodmother (Spider:4)
  A deep elf annihilator (Elf:2)
  2 deep elf death magi (Elf:3)
  3 merfolk javelineers (Shoals:4)
  7 merfolk impalers
  An ettin (D:15)
  2 fire dragons
  A deep elf high priest (Elf:1)
  2 boulder beetles
  A catoblepas (D:11)
  2 centaur warriors
  A jorogumo (Spider:4)
  A merfolk avatar (Shoals:2)
  An ogre mage (D:11)
  An alligator snapping turtle (Shoals:1)
  A merfolk aquamancer (Shoals:2)
  2 radroaches
  A tengu warrior (D:15)
  28 dancing weapons
  3 death yaks (Lair:6)
  2 satyrs (Shoals:3)
  5 deep elf knights
  A sea snake (Shoals:4)
  4 steelbarb worms
  3 sun moths
  A deep troll (D:15)
  A flayed ghost (D:11)
  3 deep elf archers
  7 deep elf pyromancers
  6 deep elf zephyrmancers
  A necromancer (D:15)
  2 orc knights
  8 harpies
  2 wolf spiders (Spider:4)
  6 manticores
  7 fauns
  A cyclops (Shoals:4)
  3 ugly things (D:14)
  2 merfolk sirens
  2 water nymphs
  A torpor snail (Spider:3)
  14 demonic crawlers
  A komodo dragon (D:13)
  A tengu conjurer (D:13)
  2 meliai
  13 merfolk
  3 hornets (Spider:4)
  5 wind drakes
  5 tarantellas
  3 slime creatures (D:14)
  4 snapping turtles
  4 jumping spiders
  2 air elementals
  A yak (Lair:6)
  10 water elementals
  5 culicivoras
  A wraith (D:11)
  A basilisk (D:14)
  6 redbacks
  A phantom (D:5)
  Blork the orc (D:4)
  A killer bee (D:9)
  2 hounds (D:5)
  An iguana (D:4)
  An orc wizard (D:7)
  3 gnolls
  2 adders
  4 worms
  9 orcs
  A kobold (D:2)
247 creatures vanquished.

Vanquished Creatures (others)
  A merfolk aquamancer (Shoals:3)
  A deep elf knight (Elf:3)
  A manticore (Lair:6)
  An ogre (D:4)
  30 fungi
  93 plants
  4 tentacles (Shoals:2)
131 creatures vanquished.

Grand Total: 1565 creatures vanquished

Notes
Turn   | Place    | Note
-------+----------+-------------------------------------------
     0 | D:1      | Cantstop the Djinni Hedge Wizard began the quest for the
                  | Orb.
     0 | D:1      | Reached XP level 1. HP: 15/15 MP: 0/0
   343 | D:1      | Reached XP level 2. HP: 19/21 MP: 0/0
   967 | D:1      | Reached XP level 3. HP: 18/26 MP: 0/0
   967 | D:1      | Learned a level 1 spell: Summon Small Mammal
  1138 | D:1      | Reached skill level 1 in Fighting
  1545 | D:1      | Reached skill level 3 in Spellcasting
  1919 | D:2      | Found a glowing golden altar of the Shining One.
  1927 | D:2      | Reached XP level 4. HP: 30/32 MP: 0/0
  2655 | D:2      | Found a faded altar of an unknown god.
  3600 | D:3      | Reached XP level 5. HP: 14/37 MP: 0/0
  3600 | D:3      | Learned a level 2 spell: Static Discharge
  4593 | D:4      | Reached skill level 4 in Spellcasting
  4609 | D:4      | Reached XP level 6. HP: 26/42 MP: 0/0
  5023 | D:4      | Noticed a black bear
  5033 | D:4      | Killed a black bear
  5034 | D:4      | Reached XP level 7. HP: 37/49 MP: 0/0
  5034 | D:4      | Learned a level 3 spell: Dazzling Flash
  5616 | D:4      | Reached skill level 5 in Spellcasting
  5769 | D:4      | Noticed Ijyb
  5813 | D:4      | Killed Ijyb
  6024 | D:4      | Noticed Blork the orc
  6059 | D:4      | Killed Blork the orc
  6454 | D:4      | Found a staircase to the Ecumenical Temple.
  6473 | Temple   | Entered the Ecumenical Temple
  6594 | Temple   | Became a worshipper of Makhleb the Destroyer
  6803 | D:5      | Entered Level 5 of the Dungeon
  7528 | D:5      | Reached XP level 8. HP: 21/55 MP: 0/0
  8353 | D:4      | Reached skill level 6 in Spellcasting
  8579 | D:5      | Reached * piety under Makhleb
  8622 | D:5      | Reached skill level 1 in Short Blades
  8698 | D:5      | Found a shimmering altar of Xom.
  8737 | D:5      | Found Aroivvyre's Weapon Shop.
  8927 | D:5      | Reached skill level 5 in Dodging
  9738 | D:6      | Reached XP level 9. HP: 33/61 MP: 0/0
  9738 | D:6      | Learned a level 4 spell: Dispel Undead
 10191 | D:6      | Reached skill level 7 in Spellcasting
 10743 | D:6      | Reached ** piety under Makhleb
 11059 | D:7      | Reached skill level 8 in Spellcasting
 11127 | D:7      | Reached XP level 10. HP: 16/69 MP: 0/0
 12180 | D:8      | Found a flagged portal.
 12206 | Bailey   | Entered a bailey
 12621 | Bailey   | Noticed an orc knight
 12653 | Bailey   | Reached skill level 5 in Fighting
 12653 | Bailey   | Reached skill level 1 in Axes
 12678 | Bailey   | Reached *** piety under Makhleb
 12704 | Bailey   | HP: 2/70 [orc knight/+0 glaive (22)]
 12747 | Bailey   | Killed an orc knight
 12748 | Bailey   | Reached skill level 9 in Spellcasting
 12748 | Bailey   | Reached skill level 1 in Evocations
 13820 | D:9      | Found Furhymab's Antique Weapon Shop.
 14184 | D:9      | Reached XP level 11. HP: 45/76 MP: 0/0
 14184 | D:9      | Learned a level 5 spell: Fireball
 14802 | D:9      | Noticed a two-headed ogre
 14808 | D:9      | Killed a two-headed ogre
 14809 | D:9      | Reached skill level 10 in Spellcasting
 15328 | D:10     | Entered Level 10 of the Dungeon
 15339 | D:10     | Reached **** piety under Makhleb
 15571 | D:10     | Upgraded the game from 0.29-a0-563-g64e4043184 to
                  | 0.29-a0-575-g0dc89cf053
 15901 | D:10     | Noticed an oklob plant
 15910 | D:10     | Killed an oklob plant
 15974 | D:10     | Found a staircase to the Lair.
 16531 | Lair:1   | Entered Level 1 of the Lair of Beasts
 16544 | Lair:1   | Noticed a four-headed hydra
 16548 | Lair:1   | Killed a four-headed hydra
 16549 | Lair:1   | Reached skill level 11 in Spellcasting
 16550 | Lair:1   | Reached XP level 12. HP: 75/84 MP: 0/0
 16749 | Lair:1   | Found a runed translucent door.
 16749 | Lair:1   | Found a shimmering altar of Xom.
 16749 | Lair:1   | Noticed a +0 hand axe of chaos
 16750 | Lair:1   | Noticed dolemite99's ghost (journeyman HOFi)
 17118 | Lair:1   | Identified the +7 short sword "Rutwenal" {freeze, rC+}
 17482 | Lair:2   | Noticed an eight-headed hydra
 17486 | Lair:2   | Killed an eight-headed hydra
 17535 | Lair:2   | Noticed a five-headed hydra
 17541 | Lair:2   | Killed a five-headed hydra
 18102 | Lair:2   | Reached skill level 1 in Shields
 18177 | Lair:2   | Noticed a four-headed hydra
 18180 | Lair:2   | Noticed Urug
 18183 | Lair:2   | Killed a four-headed hydra
 18187 | Lair:2   | Reached skill level 12 in Spellcasting
 18192 | Lair:2   | Killed Urug
 18711 | Lair:2   | Noticed Fannar
 18722 | Lair:2   | Killed Fannar
 18723 | Lair:2   | Reached XP level 13. HP: 48/90 MP: 0/0
 18723 | Lair:2   | Learned a level 5 spell: Silence
 19306 | Lair:3   | Reached skill level 5 in Stealth
 19806 | Lair:3   | Found a runed translucent gate.
 19806 | Lair:3   | Found a runed translucent gate.
 19806 | Lair:3   | Found a runed translucent gate.
 19806 | Lair:3   | Noticed Xeinaf's ghost (journeyman TrAr)
 19864 | Lair:3   | Reached ***** piety under Makhleb
 20618 | Lair:4   | Reached skill level 13 in Spellcasting
 20950 | Lair:4   | Noticed Nessos
 20960 | Lair:4   | Killed Nessos
 21217 | Lair:4   | Noticed Kirke
 21247 | Lair:4   | Killed Kirke
 21462 | Lair:4   | Noticed Snorg
 21478 | Lair:4   | Reached XP level 14. HP: 72/98 MP: 0/0
 21490 | Lair:4   | Reached skill level 5 in Axes
 21496 | Lair:4   | Reached skill level 10 in Dodging
 21508 | Lair:4   | Killed Snorg
 21589 | Lair:4   | Found a staircase to the Shoals.
 21768 | Lair:4   | Found a hole to the Spider Nest.
 22528 | Lair:5   | Reached skill level 5 in Shields
 23132 | Lair:6   | Entered Level 6 of the Lair of Beasts
 23163 | Lair:6   | Reached skill level 1 in Armour
 23164 | Lair:6   | Reached skill level 14 in Spellcasting
 23801 | Lair:6   | Reached ****** piety under Makhleb
 24476 | Lair:6   | Found a viscous altar of Jiyva.
 24476 | Lair:6   | Found a staircase to the Slime Pits.
 24509 | Lair:6   | Reached XP level 15. HP: 94/105 MP: 0/0
 24509 | Lair:6   | Learned a level 6 spell: Summon Cactus Giant
 25137 | Lair:6   | Identified the +2 ring mail "Dotitaud" {rElec Will++ Regen+
                  | Dex-3}
 25295 | Lair:3   | Killed Xeinaf's ghost
 25373 | Lair:1   | Killed dolemite99's ghost
 25376 | Lair:1   | Identified the +9 morningstar "Faqor" {vorpal, rC+ Stlth+}
 25743 | D:11     | Found a runed translucent door.
 25783 | D:11     | Noticed a frost giant
 25794 | D:11     | Killed a frost giant
 26003 | D:11     | Reached skill level 15 in Spellcasting
 26218 | D:11     | Identified a scroll of acquirement
 26219 | D:11     | Acquired the amulet of the Hero {Regen+ Dex+2}
 26845 | D:12     | Found a staircase to the Orcish Mines.
 26970 | D:12     | Found a broken altar of Ashenzari.
 26988 | D:12     | Reached skill level 1 in Invocations
 27583 | Orc:1    | Entered Level 1 of the Orcish Mines
 27633 | Orc:1    | Reached skill level 1 in Maces & Flails
 27805 | Orc:2    | Entered Level 2 of the Orcish Mines
 27968 | Orc:1    | Found Liasch's Book Shoppe.
 28321 | Orc:2    | Reached XP level 16. HP: 112/112 MP: 0/0
 28326 | Orc:2    | Found a staircase to the Elven Halls.
 28353 | Orc:2    | Noticed Sonja
 28359 | Orc:2    | Killed Sonja
 28775 | Orc:2    | Found Ulam's Armour Boutique.
 28775 | Orc:2    | Found Fassest's Antique Weapon Shop.
 28776 | Orc:2    | Found Zootwuamod's Book Shop.
 28780 | Orc:2    | Found Eqoulatt's Magic Scroll Boutique.
 28787 | Orc:2    | Bought the +0 cloak of the Merchant {rC+ Str+2 SInv} for
                  | 403 gold pieces
 28800 | Orc:2    | Bought a scroll of teleportation for 48 gold pieces
 28800 | Orc:2    | Bought a scroll of fog for 32 gold pieces
 28800 | Orc:2    | Bought a scroll of teleportation for 48 gold pieces
 28800 | Orc:2    | Bought a scroll of teleportation for 48 gold pieces
 28800 | Orc:2    | Bought a scroll of teleportation for 48 gold pieces
 28800 | Orc:2    | Bought a scroll of teleportation for 48 gold pieces
 30022 | D:14     | Reached skill level 5 in Armour
 30198 | D:14     | Reached skill level 10 in Fighting
 30218 | D:14     | Found a gate to the Vaults.
 30263 | D:14     | Reached skill level 16 in Spellcasting
 30873 | D:15     | Entered Level 15 of the Dungeon
 31144 | D:15     | Reached XP level 17. HP: 52/119 MP: 0/0
 31144 | D:15     | Learned a level 7 spell: Enfeeble
 31153 | D:15     | HP: 5/119 [deep troll (19)]
 31235 | D:15     | Found a staircase to the Depths.
 31274 | D:15     | Reached skill level 5 in Invocations
 31821 | Spider:1 | Entered Level 1 of the Spider Nest
 32033 | Spider:1 | Identified the +1 robe "Ownual" {rC+ Dex-4 Slay+3}
 32902 | Spider:2 | Identified the +1 chain mail "Buenaz" {rN+ Str+4}
 33267 | Spider:2 | Noticed Arachne
 33285 | Spider:2 | Killed Arachne
 33337 | Spider:2 | Reached skill level 17 in Spellcasting
 33415 | Spider:2 | Reached XP level 18. HP: 123/126 MP: 0/0
 33876 | Spider:3 | Identified the +0 leather armour of the End {Str+5}
 34154 | Spider:4 | Entered Level 4 of the Spider Nest
 34261 | Spider:4 | Identified the +11 rapier of Accord {vamp, rF+}
 34452 | Spider:4 | HP: 2/128 [wolf spider (12)]
 35183 | Spider:4 | Found the +0 mask of the Dragon {Will+ Slay+3 SInv}
 35315 | Spider:4 | Got a gossamer rune of Zot
 35834 | Shoals:1 | Entered Level 1 of the Shoals
 35879 | Shoals:1 | Reached XP level 19. HP: 104/133 MP: 0/0
 35879 | Shoals:1 | Learned a level 7 spell: Spellforged Servitor
 36919 | Shoals:2 | Found Motoel's Firing Range.
 36949 | Shoals:2 | Reached skill level 18 in Spellcasting
 37154 | Shoals:2 | Reached skill level 10 in Invocations
 37826 | Shoals:3 | Noticed Polyphemus
 37834 | Shoals:3 | Killed Polyphemus
 38339 | Shoals:3 | Reached XP level 20. HP: 136/140 MP: 0/0
 38573 | Shoals:4 | Entered Level 4 of the Shoals
 38817 | Shoals:4 | Paralysed by an air elemental for 1 turns
 38841 | Shoals:4 | Found a stormy altar of Qazlal.
 38849 | Shoals:4 | Reached skill level 19 in Spellcasting
 38895 | Shoals:4 | Reached skill level 5 in Maces & Flails
 39089 | Shoals:4 | Got a barnacled rune of Zot
 39485 | Elf:1    | Entered Level 1 of the Elven Halls
 39537 | Elf:1    | Found Lukhluimye's Magic Scroll Emporium.
 39541 | Elf:1    | Bought a scroll of teleportation for 48 gold pieces
 39541 | Elf:1    | Bought a scroll of fear for 56 gold pieces
 39541 | Elf:1    | Bought a scroll of blinking for 120 gold pieces
 39541 | Elf:1    | Bought a scroll of fear for 56 gold pieces
 39789 | Elf:1    | Found Lalafylei's Gadget Gallery.
 39842 | Elf:1    | Reached skill level 10 in Shields
 39866 | Elf:1    | Noticed a Tzitzimitl
 39997 | Elf:1    | Reached XP level 21. HP: 139/140 MP: 0/0
 39997 | Elf:1    | Learned a level 7 spell: Dragon Form
 40016 | Elf:1    | Found a runed translucent gate.
 40016 | Elf:1    | Found a runed translucent gate.
 40016 | Elf:1    | Found a runed translucent gate.
 40016 | Elf:1    | Found a runed translucent gate.
 40016 | Elf:1    | Found a runed translucent gate.
 40017 | Elf:1    | Found a runed translucent gate.
 40650 | Elf:2    | Found Leguhysmu's Magic Scroll Shoppe.
 40683 | Elf:2    | Bought a scroll of blinking for 120 gold pieces
 40683 | Elf:2    | Bought a scroll of magic mapping for 56 gold pieces
 40683 | Elf:2    | Bought a scroll of immolation for 56 gold pieces
 40683 | Elf:2    | Bought a scroll of summoning for 152 gold pieces
 40884 | Elf:2    | Noticed Roxanne
 40911 | Elf:2    | Killed Roxanne
 41178 | Elf:2    | Paralysed by an air elemental for 1 turns
 41179 | Elf:2    | Reached skill level 1 in Unarmed Combat
 41268 | Elf:2    | Found a runed translucent gate.
 41268 | Elf:2    | Found a runed translucent gate.
 41279 | Elf:2    | Found a runed translucent gate.
 42151 | Elf:3    | Entered Level 3 of the Elven Halls
 42158 | Elf:3    | Reached skill level 20 in Spellcasting
 42202 | Elf:3    | Reached skill level 10 in Armour
 42478 | Elf:3    | Found Firchale's Jewellery Emporium.
 42530 | Elf:3    | Acquired the ring "Acrud" {rN+ Dex+6}
 43037 | Elf:3    | Killed from afar by a deep elf annihilator

Illustrated notes

Levels and vault maps discovered:
D:1:      mrwooster_arrival_statue_3, layout_rooms, minmay_octomino_c4
D:2:      layout_loops_ring, basic_altar, ebering_ecumenical_altar_hall
D:3:      layout_basic
D:4:      layout_basic, lemuel_temple_firewalk_b, minmay_manual_mares,
          uniq_ijyb, uniq_blork_the_orc
D:5:      layout_rooms, mainiacjoe_overflow_surrounded_room, serial_shops,
          nicolae_shop_bloodbath_and_beyond
D:6:      layout_gridville
D:7:      layout_basic
D:8:      layout_gridville, enter_bailey_2
D:9:      layout_basic, serial_shops, shop, minmay_misc_feat_x
D:10:     layout_basic, dpeg_oklobed_lair
D:11:     layout_layer_cave, minivault_13
D:12:     layout_irregular_city, zombieorc2_lemuel, nicolae_ashenzari_panopticon
D:13:     layout_roguey, minmay_increasing_density
D:14:     layout_basic, grunt_vaults_entry_fortified,
          hangedman_decor_peaks_small
D:15:     hangedman_depths_entry_civil_slaughter, layout_loops_ring
Temple:   mainiacjoe_temple_starburst
Lair:1:   layout_hall_layers, ebering_ghost_xom, minmay_stone_trees_small,
          serial_bayou_lake_a, grunt_megastairs_2
Lair:2:   layout_hall_layers, cheibrodos_lair_caveside_slide,
          serial_bayou_shore_b, uniq_fannar, uniq_urug
Lair:3:   layout_cave_pods, ebering_ghost_rock_garden, grunt_megastairs_5
Lair:4:   layout_loops_ring, elwin_shoals_entry_stream,
          spider_nest_entry_funnel_web, uniq_nessos, uniq_kirke, uniq_snorg
Lair:5:   layout_regular_city
Lair:6:   evilmike_catoblepas_cave, layout_regular_city, slime_altar_1,
          minivault_27, lemuel_fruit_fields
Shoals:1: layout_shoals, nicolae_shoals_so_close
Shoals:2: layout_shoals, nicolae_shop_firing_range
Shoals:3: cheibrodos_shoals_satyrical_garden, layout_shoals,
          nicolae_splish_splash, uniq_polyphemus
Shoals:4: shoals_end_hellmonk_storm_palace [storm_palace_center_square,
          storm_palace_corner_blocked, storm_palace_corner_grid,
          storm_palace_corner_altar, storm_palace_corner_grid]
Spider:1: layout_spider_delve
Spider:2: layout_cave_pods, nicolae_spider_undead_wolf_pack, uniq_arachne
Spider:3: layout_spider_delve, worms_lemuel
Spider:4: spider_rune_water, drop_trap
Orc:1:    layout_caves, serial_shops, nicolae_square_shop,
          kennysheep_orc_sif_temple
Orc:2:    st_orc_mages, layout_diamond_mine, uniq_sonja
Elf:1:    eino_elf_arrival_shootout, layout_gridlike, serial_shops,
          nicolae_shop_stone, orc_legates, hangedman_elven_pyramids,
          nicolae_shop_gadgets
Elf:2:    nicolae_elf_blades_splatter_lattice [nicolae_blade_entry_pointy_end],
          layout_loops_corners, serial_shops, shop, uniq_roxanne
Elf:3:    elf_hall, layout_loops_corners, serial_shops, nicolae_shop_trees,
          basic_altar

Skill      XL: |  1  2  3  4  5  6  7  8  9 10 11 12 13 14 15 16 17 18 19 20 21 |
---------------+----------------------------------------------------------------+-----
Fighting       | 1 2 3 4 5 6 7 8 9 10 11 12 | 12.6
Spellcasting   | 3 4 5 6 8 9 11 12 13 14 15 16 17 18 19 20 | 20.1
Dodging        | 3 4 5 6 7 8 9 10 11 12 13 14 | 14.2
Stealth        | 2 3 4 5 6 |  6.8
Short Blades   | 1 |  1.2
Axes           | 1 2 3 4 5 6 |  6.0
Evocations     | 2 3 |  3.0
Shields        | 2 4 5 6 7 8 9 10 | 10.7
Armour         | 2 4 5 6 7 8 9 10 | 10.2
Invocations    | 2 4 7 9 10 11 12 | 12.6
Maces & Flails | 1 3 4 5 |  5.4
Unarmed Combat | 1 |  1.8

Action                   |  1- 3 |  4- 6 |  7- 9 | 10-12 | 13-15 | 16-18 | 19-21 || total
-------------------------+-------+-------+-------+-------+-------+-------+-------++-------
Melee: Dagger            |    11 |     2 |    67 |       |       |       |       ||    80
       Whip              |       |    23 |     8 |       |       |       |       ||    31
       Hand axe          |       |       |    14 |   126 |   210 |       |       ||   350
       Punch             |       |       |       |       |     1 |       |     2 ||     3
       Morningstar       |       |       |       |       |    45 |   300 |    95 ||   440
       Unarmed           |       |       |       |       |       |       |    40 ||    40
       Tailslap          |       |       |       |       |       |       |     8 ||     8
       Bite              |       |       |       |       |       |       |     8 ||     8
 Cast: Magic Dart        |    91 |   112 |   201 |   118 |   106 |    54 |    30 ||   712
       Call Imp          |     1 |     7 |    22 |    16 |       |     3 |     6 ||    55
       Mephitic Cloud    |       |     4 |    23 |    35 |    37 |     9 |     2 ||   110
       Summon Small Mamm |       |     2 |     7 |     2 |       |       |       ||    11
       Static Discharge  |       |     5 |    33 |     6 |    31 |   140 |    19 ||   234
       Blink             |       |       |     4 |     3 |     4 |    29 |     5 ||    45
       Slow              |       |       |     1 |     2 |       |       |       ||     3
       Dazzling Flash    |       |       |     1 |     1 |       |       |       ||     2
       Dispel Undead     |       |       |     8 |     7 |    10 |     5 |       ||    30
       Fireball          |       |       |       |   109 |   285 |   339 |   405 ||  1138
       Silence           |       |       |       |       |     1 |     1 |       ||     2
       Summon Cactus Gia |       |       |       |       |     8 |    46 |    40 ||    94
       Enfeeble          |       |       |       |       |       |    20 |     9 ||    29
       Spellforged Servi |       |       |       |       |       |       |    56 ||    56
       Dragon Form       |       |       |       |       |       |       |     3 ||     3
Invok: Lesser Servant of |       |       |       |       |       |     1 |       ||     1
       Major Destruction |       |       |       |       |       |       |     1 ||     1
 Abil: Breathe Fire      |       |       |       |       |       |       |     3 ||     3
Evoke: Wand              |       |       |     8 |    33 |       |     2 |       ||    43
       Condenser vane    |       |       |       |       |       |     1 |     1 ||     2
  Use: Potion            |       |     1 |     5 |     5 |     1 |     5 |       ||    17
       Scroll            |       |       |       |    15 |    10 |    10 |    10 ||    45
 Stab: Sleeping          |       |     2 |     1 |       |       |     2 |     3 ||     8
       Confused          |       |     1 |     9 |    11 |    19 |     3 |       ||    43
       Invisible         |       |       |       |     1 |       |     9 |     1 ||    11
       Distracted        |       |       |       |       |       |     2 |       ||     2
Armor: Robe              |     8 |     9 |    24 |    31 |    61 |       |       ||   133
       Skin              |       |     2 |       |       |       |       |    26 ||    28
       Ring mail         |       |       |       |       |    23 |   299 |    64 ||   386
Dodge: Dodged            |    27 |    30 |   104 |   138 |   150 |   602 |   237 ||  1288
Block: Other             |       |       |       |     9 |     7 |       |       ||    16
       Buckler           |       |       |       |       |    75 |   232 |    91 ||   398
       Reflection        |       |       |       |       |     2 |     1 |       ||     3

Table legend: (Time is in decaauts)
 A = Elapsed time spent in this place.
 B = Non-inter-level travel time spent in this place.
 C = Inter-level travel time spent in this place.
 D = Time resting spent in this place.
 E = Time spent auto-exploring this place.
 F = Levels seen in this place.
 G = Mean time per level.
                   A        B        C        D        E       F      G
               +--------+--------+--------+--------+--------+-----+--------+
         Total |  43228 |  41169 |   2059 |   2580 |  30891 |  36 | 1200.8 |
       Dungeon |  20662 |  19596 |   1066 |   1709 |  15080 |  15 | 1377.5 |
        Temple |    182 |    140 |     42 |      0 |     79 |   1 |  182.0 |
          Lair |   9066 |   8621 |    445 |      2 |   7550 |   6 | 1511.0 |
        Shoals |   3429 |   3221 |    208 |    120 |   2078 |   4 |  857.2 |
   Spider Nest |   4062 |   3976 |     86 |    246 |   2548 |   4 | 1015.5 |
  Orcish Mines |   1472 |   1385 |     87 |      0 |    976 |   2 |  736.0 |
   Elven Halls |   3563 |   3439 |    124 |    201 |   2358 |   3 | 1187.7 |
        Bailey |    788 |    788 |      0 |    302 |    221 |   1 |  788.0 |
               +--------+--------+--------+--------+--------+-----+--------+

Top non-repeatable levels by time:
     D:4: 3911 daAuts
     D:1: 1869 daAuts
     D:9: 1853 daAuts
  Lair:6: 1836 daAuts
  Lair:4: 1740 daAuts
Spider:4: 1638 daAuts
     D:5: 1628 daAuts
   Elf:2: 1540 daAuts
  Lair:2: 1539 daAuts
  Lair:3: 1534 daAuts
    D:11: 1385 daAuts
  Lair:5: 1346 daAuts
     D:3: 1306 daAuts
     D:2: 1152 daAuts
     D:7: 1142 daAuts
